 Dungeon Crawl Stone Soup version 0.28-a0-687-gb91baff9cc (webtiles) character file.

Game seed: 7475161403477246023

2322 Irenicus the Earth Mage (level 9, -15/68 HPs)
             Began as a Deep Dwarf Earth Elementalist on Oct 19, 2021.
             Was a Believer of Makhleb.
             Demolished by Duvessa (18 damage)
             ... on level 6 of the Dungeon.
             The game lasted 00:20:48 (2909 turns).

Irenicus the Earth Mage (DDEE)                      Turns: 2909, Time: 00:20:49

Health: -15/68     AC:  5    Str: 14    XL:     9   Next: 19%
Magic:  6/13       EV: 11    Int: 17    God:    Makhleb [**....]
Gold:   409        SH:  5    Dex: 13    Spells: 8/14 levels left

rFire   . . .      SeeInvis .   v - +1 dagger (elec)
rCold   + . .      Faith    .   m - +0 buckler
rNeg    . . .      Spirit   .   d - +0 leather armour
rPois   .          Reflect  .   (no helmet)
rElec   .          Harm     .   (no cloak)
rCorr   .          Rampage  .   (no gloves)
Will    +....                   h - +1 pair of boots
Stlth   ++........              (no amulet)
HPRegen 0.00/turn               (no ring)
MPRegen 0.13/turn               (no ring)

@: unable to read
A: damage resistance, heal wounds, sense surroundings 2, no regeneration, cold
resistance 1, dopey 1, strong 1, inability to read while threatened
a: Heal Wounds, Renounce Religion, Minor Destruction


You were on level 6 of the Dungeon.
You worshipped Makhleb.
Makhleb was pleased with you.
You visited 2 branches of the dungeon, and saw 8 of its levels.

You collected 409 gold pieces.


Innate Abilities, Weirdness & Mutations

You are resistant to damage.
You can heal yourself by infusing magical energy.
You passively map the area around you.
You do not regenerate.
Your flesh is cold resistant. (rC+)
You are dopey. (Int -2)
Your muscles are strong. (Str +2)
You sometimes lose the ability to read scrolls when taking damage.


   Skills:
 - Level 2.1 Dodging
 - Level 2.4 Stealth
 + Level 3.4 Shields
 + Level 3.2 Spellcasting
 - Level 0.8 Transmutations
 - Level 15.0 Earth Magic


You had 8 spell levels left.
You knew the following spells:

 Your Spells              Type           Power      Damage    Failure   Level
t - Stone Arrow           Conj/Erth      56%        3d10      3%          3
w - Passwall              Tmut/Erth      24%        N/A       1%          2
z - Sandblast             Erth           100%       2d20      1%          1

Your spell library contained the following spells:

 Spells                   Type           Power      Damage    Failure   Level
 Petrify                  Tmut/Erth      29%        N/A       9%          4

Inventory:

Hand Weapons
 a - a +0 spear
 u - a +2 dagger of speed
 v - a +1 dagger of electrocution (weapon)
Missiles
 c - 54 stones
Armour
 d - a +0 leather armour (worn)
 h - a +1 pair of boots (worn)
 m - a +0 buckler (worn)
 q - a +1 ring mail of fire resistance
Magical Staves
 o - a staff of cold {!a}
Wands
 y - a wand of iceblast (11)
Scrolls
 e - a scroll of fear {unknown}
 f - 2 scrolls of enchant armour
 g - a scroll of immolation {unknown}
 i - a scroll of noise {unknown}
 j - 2 scrolls of enchant weapon {unknown}
 n - 2 scrolls of teleportation {@r2}
 s - a scroll of acquirement {unknown}
Potions
 b - a potion of heal wounds {@q2}
 k - a potion of brilliance
 l - 2 potions of curing {@q1}
 p - a potion of flight
 r - a potion of haste {@q3}
 t - 2 potions of resistance
 w - a potion of ambrosia
 x - a potion of cancellation {unknown}

Dungeon Overview and Level Annotations

Branches:
Dungeon (7/15)             Temple (1/1) D:5

Altars:
Ashenzari
Cheibriados
Dithmenos
Fedhas
Hepliaklqana
Kikubaaqudgha
Makhleb
Qazlal
Ru
Sif Muna
Trog
Uskayaw
Vehumet
Wu Jian
Xom
Yredelemnul
Zin
The Shining One

Annotations:
D:6 Duvessa

#### ########### #...
####.<.......# #...
#............# #...
#............# #...
#............# #...
#...)........##############...
####.#.........e@................
##...##.........##############...
...####.........# #... .###
#.........############ #### ##
#.###.#####..........# ## #.#
#.#####..........#
.######.###................#
...............)..†........#
.............[..##.........#


You could see Duvessa (berserk).


Message History

Aiming: Stone Arrow (dangerous; 3% risk of failure)
Press: ? - help, Shift-Dir - straight line, f - jelly
Aim: a jelly (asleep, 100% to hit)
The stone arrow hits the jelly!
The jelly is heavily wounded.
The jelly quivers.
Casting: Stone Arrow (dangerous; 3% risk of failure)
Confirm with . or Enter, or press ? or * to list all spells.
Aiming: Stone Arrow (dangerous; 3% risk of failure)
Press: ? - help, Shift-Dir - straight line, f/p - jelly
Aim: a jelly (heavily wounded, 100% to hit)
The stone arrow hits the jelly!!
You kill the jelly!
Makhleb accepts your kill.
You now have 409 gold pieces (gained 10).
Things that are here:
a +0 robe; a +0 dagger Duvessa goes berserk!
Casting: Stone Arrow (dangerous; 3% risk of failure)
Confirm with . or Enter, or press ? or * to list all spells.
Aiming: Stone Arrow (dangerous; 3% risk of failure)
Press: ? - help, Shift-Dir - straight line, f - Duvessa
Aim: Duvessa, wielding a +0 rapier, wearing a +0 ring mail and quivering stones (berserk, 79% to hit)
The stone arrow hits Duvessa!
Duvessa is moderately wounded.
Duvessa hits you with a +0 rapier!!
You feel threatened and lose the ability to read scrolls!
* * * LOW HITPOINT WARNING * * *
Duvessa hits you with a +0 rapier!!
You die...

Skill      XL: |  1  2  3  4  5  6  7  8  9 |
---------------+----------------------------+-----
Earth Magic    | 6 7 9 10 12 15 | 15.0
Shields        | 2 3 |  3.4
Spellcasting   | 2 3 |  3.2
Dodging        | |  2.1
Stealth        | |  2.4
Transmutations | |  0.8

Action                   |  1- 3 |  4- 6 |  7- 9 || total
-------------------------+-------+-------+-------++-------
Melee: Spear             |    24 |     1 |    11 ||    36
       Dagger            |       |       |    44 ||    44
       Staff             |       |       |     5 ||     5
 Cast: Sandblast         |    21 |    41 |   128 ||   190
       Passwall          |       |       |    14 ||    14
       Stone Arrow       |       |       |     8 ||     8
 Abil: Heal Wounds       |       |     1 |       ||     1
  Use: Scroll            |     2 |     2 |     6 ||    10
       Potion            |       |     2 |     2 ||     4
 Stab: Sleeping          |       |       |     2 ||     2
Armor: Robe              |     3 |       |       ||     3
       Leather armour    |     1 |     4 |    41 ||    46
Dodge: Dodged            |    20 |    15 |    71 ||   106

Levels and vault maps discovered:
D:1:      minmay_arrival_three_doors, layout_basic, grunt_decor_cap,
          serial_bayou_lagoon_b
D:2:      layout_loops_corners, feat_on_display
D:3:      layout_basic, minmay_fractal_squares_diagonal_5
D:4:      layout_rooms, kennysheep_generic_room_14
D:5:      layout_basic, minmay_temple_entry_grid, chequers_decorated_corner,
          serial_bayou_pond_a, st_stairs_3, uniq_eustachio
D:6:      minmay_flawed_box, layout_rooms, uniq_menkaure, uniq_duvessa
D:7:      layout_loops_corners, minmay_stone_trees_small,
          uniq_crazy_yiuf_cottage
Temple:   kilobyte_greek_temple

Notes
Turn   | Place    | Note
-------+----------+-------------------------------------------
     0 | D:1      | Irenicus the Deep Dwarf Earth Elementalist began the quest
                  | for the Orb.
     0 | D:1      | Reached XP level 1. HP: 15/15 MP: 3/3
   262 | D:2      | Reached XP level 2. HP: 19/22 MP: 2/4
   414 | D:4      | Reached skill level 5 in Earth Magic
   489 | D:4      | Noticed an ogre
   496 | D:4      | Reached skill level 6 in Earth Magic
   496 | D:4      | Reached XP level 3. HP: 15/28 MP: 2/5
   497 | D:4      | Killed an ogre
   498 | D:4      | Reached skill level 7 in Earth Magic
   498 | D:4      | Reached XP level 4. HP: 19/36 MP: 0/6
   498 | D:4      | Reached XP level 5. HP: 23/42 MP: 0/7
   671 | D:4      | Reached skill level 8 in Earth Magic
   721 | D:5      | Entered Level 5 of the Dungeon
   739 | D:5      | Noticed a water moccasin
   743 | D:5      | Gained mutation: You sometimes lose the ability to read
                  | scrolls when taking damage. [potion of mutation]
   743 | D:5      | Gained mutation: You are dopey. (Int -2) [potion of
                  | mutation]
   743 | D:5      | Gained mutation: Your muscles are strong. (Str +2) [potion
                  | of mutation]
   743 | D:5      | Gained mutation: Your flesh is cold resistant. (rC+)
                  | [potion of mutation]
   779 | D:5      | Killed a water moccasin
   780 | D:5      | Reached skill level 9 in Earth Magic
   780 | D:5      | Reached XP level 6. HP: 31/49 MP: 0/8
   800 | D:5      | Noticed Eustachio
   819 | D:5      | Found a staircase to the Ecumenical Temple.
   824 | D:5      | Reached skill level 10 in Earth Magic
   830 | Temple   | Entered the Ecumenical Temple
   865 | Temple   | Became a worshipper of Makhleb the Destroyer
  1131 | D:1      | Reached XP level 7. HP: 35/55 MP: 6/9
  1301 | D:1      | Learned a level 2 spell: Passwall
  1514 | D:2      | Reached * piety under Makhleb
  2041 | D:5      | Reached skill level 11 in Earth Magic
  2059 | D:5      | You fall into a shaft and drop 2 floors!
  2119 | D:6      | Reached skill level 12 in Earth Magic
  2129 | D:6      | Noticed Duvessa
  2150 | D:6      | Reached ** piety under Makhleb
  2197 | D:6      | Noticed Dowan
  2202 | D:6      | Killed Dowan
  2222 | D:6      | Reached XP level 8. HP: 47/62 MP: 2/10
  2246 | D:6      | Reached skill level 13 in Earth Magic
  2325 | D:6      | Noticed Menkaure
  2328 | D:6      | Killed Menkaure
  2345 | D:6      | Reached skill level 14 in Earth Magic
  2472 | D:5      | Identified 2 potions of resistance
  2537 | D:5      | Learned a level 3 spell: Stone Arrow
  2584 | D:5      | Reached skill level 15 in Earth Magic
  2608 | D:5      | Reached skill level 1 in Shields
  2608 | D:5      | Reached skill level 2 in Spellcasting
  2617 | D:5      | Reached skill level 2 in Shields
  2617 | D:5      | Gained mutation: You passively map the area around you.
                  | [Deep Dwarf growth]
  2617 | D:5      | Reached XP level 9. HP: 21/68 MP: 0/12
  2797 | D:5      | Killed Eustachio
  2798 | D:5      | Reached skill level 3 in Shields
  2798 | D:5      | Reached skill level 3 in Spellcasting
  2909 | D:6      | HP: 3/68 [Duvessa (15)]
  2909 | D:6      | Demolished by Duvessa

Vanquished Creatures
  Eustachio (D:5)
  Menkaure (D:6)
  A water moccasin (D:5)
  2 black bears (D:5)
  An ice beast (D:6)
  2 necrophages (D:5)
  2 ogres
  2 bullfrogs
  2 scorpions
  2 water moccasin zombies
  A wyvern skeleton (D:6)
  Dowan (D:6)
  A howler monkey (D:5)
  2 centaur skeletons (D:6)
  4 jellies
  4 iguanas
  14 orc wizards
  2 hound zombies (D:5)
  A hound skeleton (D:4)
  7 adders
  A gnoll (D:5)
  A white imp (D:6)
  2 dart slugs
  13 orcs
  4 bats
  10 endoplasms
  2 giant cockroaches
  9 goblins
  3 hobgoblins
  3 jackals (D:2)
  4 kobolds
  3 quokkas
  4 ball pythons
  3 frilled lizards
  10 rats
125 creatures vanquished.

Vanquished Creatures (others)
  An orc wizard (D:6)
  4 plants
5 creatures vanquished.

Grand Total: 130 creatures vanquished

Table legend: (Time is in decaauts)
 A = Elapsed time spent in this place.
 B = Non-inter-level travel time spent in this place.
 C = Inter-level travel time spent in this place.
 D = Time resting spent in this place.
 E = Time spent auto-exploring this place.
 F = Levels seen in this place.
 G = Mean time per level.
                   A        B        C        D        E       F      G
               +--------+--------+--------+--------+--------+-----+--------+
         Total |   2917 |   2769 |    148 |      0 |     11 |   8 |  364.6 |
       Dungeon |   2847 |   2727 |    120 |      0 |     11 |   7 |  406.7 |
        Temple |     69 |     41 |     28 |      0 |      0 |   1 |   69.0 |
               +--------+--------+--------+--------+--------+-----+--------+

Top non-repeatable levels by time:
     D:5: 567 daAuts
     D:2: 563 daAuts
     D:1: 495 daAuts
     D:3: 409 daAuts
     D:4: 374 daAuts
     D:6: 340 daAuts
     D:7: 97 daAuts
  Temple: 69 daAuts

Table legend:
 A = Non-vault XP
 B = Vault XP
 C = Vault XP percentage of total XP
 D = Non-vault monster count
 E = Vault monster count
 F = Vault count percentage of total count
                 A         B        C        D         E       F
            +---------+---------+-------+---------+---------+-------
      Total |    2288 |    1030 |  31.0 |     101 |      25 |  19.8
            +---------+---------+-------+---------+---------+-------
        D:1 |      27 |       0 |   0.0 |      16 |       0 |   0.0
        D:2 |      73 |       0 |   0.0 |      22 |       0 |   0.0
        D:3 |      42 |      14 |  25.0 |      11 |       7 |  38.9
        D:4 |     258 |       2 |   0.8 |      18 |       1 |   5.3
        D:5 |    1064 |     354 |  25.0 |      15 |       3 |  16.7
        D:6 |     660 |     660 |  50.0 |      13 |      14 |  51.9
        D:7 |     164 |       0 |   0.0 |       6 |       0 |   0.0
            +---------+---------+-------+---------+---------+-------
